 BcadrenCrawl: Boulder Brew version 0.04.2-19-ga012a504bd (webtiles) character file.

Game seed: 8817590609322324791, levelgen mode: deterministic

11781 graymark the Fighter (level 11, -5/101 HPs) Magenta Draconian Demonspawn. Began on May 23, 2021. Was a High Priest of Uskayaw. Slain by an orc warrior ... wielding a +0 glaive (13 damage) ... on level 1 of the Orcish Mines. The game lasted 00:30:04 (5872 turns).

graymark the Fighter (Magenta Draconian Demonspawn) Turns: 5872, Time: 00:30:05

Health: -5/101     AC: 14    Str: 24    XL:     11 ^: 5017
Magic:  16/17      EV: 23    Int: 13    God:    Uskayaw [5* [120]]
Gold:   588        SH:  2    Dex: 16    Spells: 11/12 levels left

rFire    . . .     Vision   .   E - +0 buckler
rCold    . . .     Gourm    .     - Unarmed
rNeg     . . .     Faith    .   (armour unavailable)
rPois    +         Spirit   .   (helmet restricted)
rElec    .         Reflect  .   (no cloak)
rCorr    .         Harm     .   (gloves unavailable)
MR       .....                  t - +2 pair of boots
Stlth    ++++......             (no amulet)
HPRegen  0.43/turn              s - ring of poison resistance
MPRegen  0.27/turn              (no ring)

@: mighty, agile, repel missiles
A: no body armour, unfitting armour, claws 3, thin metallic scales 2,
nightstalker 1, powered by pain 2, cold-blooded, boosted slings aptitude, charms
enhancer 1, rMsl, AC +8
a: Breathe Fog, Stomp, Line Pass, Grand Finale, Renounce Religion


You were on level 1 of the Orcish Mines.
You worshipped Uskayaw.
Uskayaw was aware of your devotion.
You were hungry.

You visited 4 branches of the dungeon, and saw 9 of its levels.

You collected 588 gold pieces.

Inventory:

Weapons
 a - a +0 long sword Shields
 E - a +0 buckler (shield)
Armour
 t - a +2 pair of boots (worn)
 I - a +2 pair of gloves
Jewellery
 s - a ring of poison resistance (left claw)
 G - an uncursed ring of ice
 H - an uncursed ring of intelligence
 J - an uncursed ring of magical power
Wands
 l - a wand of scattershot (5)
 u - a wand of hasting (4)
 D - a wand of flame (1)
 F - a wand of polymorph (1)
 L - a wand of acid (1)
Scrolls
 d - 5 scrolls of teleportation
 f - 2 scrolls of magic mapping
 h - a scroll of bless item
 j - 2 scrolls of fear
 k - 2 scrolls of torment
 m - a scroll of vulnerability
 n - 2 scrolls of summoning
 r - 2 scrolls of amnesia
 w - 2 scrolls of fog
 y - a scroll of immolation
 C - a scroll of blinking
Potions
 b - 3 potions of lignification
 e - 3 potions of cancellation
 g - 4 potions of might
 o - a potion of invisibility
 p - 2 potions of heal wounds
 q - 2 potions of berserk rage
 v - 2 potions of brilliance
 x - a potion of haste
 z - 2 potions of curing
 A - 2 potions of ambrosia
 B - 2 potions of mutation
 K - a potion of agility
Comestibles
 c - 12 rations
 i - 12 chunks of flesh


   Skills:
 + Level 10.7 Fighting
 - Level 2.0 Long Blades
 + Level 8.0 Dodging
 - Level 1.3 Stealth
 + Level 3.4 Shields
 + Level 8.0 Unarmed Combat
 - Level 1.3 Spellcasting
 - Level 1.5 Fire Magic
 + Level 8.6 Invocations


You had 11 spell levels left.
You knew the following spells:

 Your Spells              Type           Power        Failure   Level  Hunger
a - Flame Tongue          Fire           4 (30)       16%         1    ##.....

Your spell library contained the following spells:

 Spells                   Type           Power        Failure   Level  Hunger
 Blink                    Tloc           N/A          41%         2    ###....
 Call Imp                 Summ           0 (100)      41%         2    ###....
 Slow                     Hex            0 (100)      41%         2    ###....
 Conjure Flame            Fire           4 (100)      43%         3    ####...
 Mephitic Cloud           Pois/Air       0 (100)      65%         3    ####...


Dungeon Overview and Level Annotations

Branches:
Dungeon (6/8)              Temple (1/1) D:4            Lair (1/6) D:5
    Orc (1/2) D:6

Altars:
Bahamut & Tiamat
Cheibriados
Dithmenos
Makhleb
Okawaru
Qazlal
Sif Muna
Trog
Uskayaw
Vehumet

Portals:
Trove: D:5 (give 6 scrolls of blinking)

Annotations:
D:3 exclusion: upstairs
Lair:1 Urug


Innate Abilities, Weirdness & Mutations

You cannot fit into any form of body armour.
Your hazy amethyst scales are resilient. (AC +8)
You can breathe clouds of thick fog.
You have claws for hands. (+6 Unarmed)
You are mostly covered in thin metallic scales. (AC +3)
You are slightly more attuned to the shadows.
You sometimes gain power by taking damage.
You are cold-blooded and may be slowed by cold attacks.
You are naturally skilled at Slings (Aptitude +3).
You are in touch with the powers of charms.
Your hazy amethyst scales passively repel missiles. (rMsl)


Message History

You kill the orc priest!
The troll closely misses you (0). The troll misses you (0). x2
You scratch the troll (4). You tail-slap the troll (12)!
The troll is heavily wounded. (23/39) HP Uskayaw will force your foes to share their pain.
The troll blocks your attack. The troll completely misses you (0).
You block the troll's attack. The troll claws you but does no damage.
You mangle the troll (19)!!
The troll is almost dead. (5/39) HP You claw the troll (8)!
You kill the troll!
The orc warrior hits you from afar with a +0 glaive (7)!
* * * LOW HITPOINT WARNING * * *
You can now merge with and destroy a victim.
A warg comes into view.
The orc misses you (0).
The orc warrior hits you from afar with a +2 halberd of chaos (10)!
* * * LOW HITPOINT WARNING * * *
The orc warrior hits you with a +0 glaive (13)!
You die...

... ... ... ..#
## .. .## ###
##.##... ...
##.###...#..#.
...
##$.o##........
...
#†.@o.o...#..#.
##.#oo...#.....
#
#####o........
# #o...#....
### ##..)....>o
..###
##)).)......
....##
#....[......
.....#####
##......#...
..#...##.##
#...........


You could see 3 orc warriors, an orc priest and 2 orcs.

Vanquished Creatures
  Erolcha (D:5)
  An unseen horror (D:5)
  2 two-headed ogres
  Maggie (D:4)
  A spiny frog (Lair:1)
  3 trolls
  6 yaks (D:5)
  A slime creature (D:6)
  2 guardian mummies (D:3)
  A phantom (D:3)
  11 orc warriors
  A water moccasin (Lair:1)
  A sky beast (D:4)
  5 porcupines
  6 scorpions
  4 ice beasts
  7 ogres
  2 crocodiles
  2 big kobolds (D:2)
  9 bullfrogs
  2 centaurs (D:5)
  3 howler monkeys (D:5)
  A quasit (D:4)
  A crimson imp (D:4)
  5 hounds
  11 orc priests
  9 orc wizards
  5 iguanas
  6 mummies (D:3)
  A wyvern zombie (D:4)
  4 worker ants
  A water moccasin skeleton (D:3)
  2 wyvern skeletons
  13 giant cockroaches
  A porcupine zombie (D:3)
  A porcupine skeleton (D:3)
  3 bullfrog skeletons
  2 bullfrog zombies
  9 adders
  41 sewer rats
  10 cinder newts
  2 worms (D:2)
  An ooze (D:1)
  A howler monkey skeleton (D:5)
  4 dart slugs (D:1)
  6 leopard geckos
  58 orcs
  4 adder skeletons (D:3)
  An adder zombie (D:3)
  6 bats
  7 hobgoblins
  2 jackals (D:3)
  3 quokkas
  A ball python zombie (D:3)
  6 goblins
  A goblin skeleton (D:2)
  2 jackal skeletons (D:3)
  A jackal zombie (D:3)
  10 kobolds
  A kobold skeleton (D:2)
  2 leopard gecko skeletons (D:3)
  A leopard gecko zombie (D:5)
  6 rats (D:1)
  4 butterflies (D:5)
  6 withered plants (D:2)
334 creatures vanquished.

Vanquished Creatures (others)
  A ball python (D:2)
  A bat (D:2)
  2 kobolds (D:2)
  A butterfly (D:5)
  11 fungi (D:5)
  A giant blowfly (D:2)
  21 plants
  3 slimeheads (D:2)
  42 withered plants (D:2)
83 creatures vanquished.

Grand Total: 417 creatures vanquished

Notes
Turn   | Place    | Note
-------+----------+-------------------------------------------
     0 | D:1      | graymark the Immature Draconian Demonspawn began the quest
                  | for the Orb.
     0 | D:1      | Reached XP level 1. HP: 16/16 MP: 3/3
    60 | D:1      | Gained mutation: You sometimes gain a little power by
                  | taking damage. [demonic ancestry]
    60 | D:1      | Reached XP level 2. HP: 24/24 MP: 4/4
    91 | D:1      | Reached skill level 2 in Fighting
    95 | D:1      | Gained mutation: You have sharp fingernails. (+2 Unarmed)
                  | [demonic ancestry]
    95 | D:1      | Reached XP level 3. HP: 26/29 MP: 5/5
   400 | D:1      | Gained mutation: You sometimes gain power by taking damage.
                  | [demonic ancestry]
   400 | D:1      | Reached XP level 4. HP: 37/37 MP: 6/6
   535 | D:1      | Reached skill level 1 in Unarmed Combat
   861 | D:2      | Reached skill level 3 in Fighting
   873 | D:2      | Gained mutation: You are partially covered in thin metallic
                  | scales. (AC +2) [demonic ancestry]
   873 | D:2      | Reached XP level 5. HP: 41/45 MP: 7/7
  1246 | D:2      | Reached XP level 6. HP: 47/52 MP: 8/8
  1249 | D:2      | Reached skill level 4 in Fighting
  1652 | D:2      | Your scales start taking on a hazy amethyst colour.
  1652 | D:2      | Reached XP level 7. HP: 30/60 MP: 9/9
  1652 | D:2      | Gained mutation: Your hazy amethyst scales passively repel
                  | missiles. (rMsl) [Magenta Draconian growth]
  1652 | D:2      | Gained mutation: You are in touch with the powers of
                  | charms. [Magenta Draconian growth]
  1831 | D:2      | Reached skill level 5 in Fighting
  1916 | D:2      | Found a snail-covered altar of Cheibriados.
  1917 | D:2      | Found a hide-covered altar of Uskayaw.
  1920 | D:2      | Became a worshipper of Uskayaw the Reveler
  2055 | D:2      | Reached * piety under Uskayaw
  2136 | D:2      | Reached ** piety under Uskayaw
  2141 | D:2      | Reached *** piety under Uskayaw
  2353 | D:2      | Reached **** piety under Uskayaw
  2359 | D:2      | Reached ***** piety under Uskayaw
  2653 | D:3      | Gained mutation: You are mostly covered in thin metallic
                  | scales. (AC +3) [demonic ancestry]
  2653 | D:3      | Reached XP level 8. HP: 67/70 MP: 10/10
  2656 | D:3      | Reached skill level 6 in Fighting
  2708 | D:3      | Reached skill level 5 in Dodging
  2893 | D:3      | Found an iron altar of Okawaru.
  3105 | D:3      | Reached skill level 7 in Fighting
  3138 | D:3      | Reached skill level 5 in Unarmed Combat
  3578 | D:4      | Gained mutation: You have very sharp fingernails. (+4
                  | Unarmed) [demonic ancestry]
  3578 | D:4      | Reached XP level 9. HP: 57/78 MP: 11/11
  3635 | D:4      | Noticed Maggie
  3637 | D:4      | Reached skill level 8 in Fighting
  3651 | D:4      | Found a staircase to the Ecumenical Temple.
  3662 | D:6      | Connectivity tunneler affected hiddenorc1_lemuel.
  3662 | D:7      | Connectivity tunneler affected xom_shifter_show.
  3662 | Temple   | Entered the Ecumenical Temple
  3748 | D:4      | Killed Maggie
  4179 | D:5      | Entered Level 5 of the Dungeon
  4221 | D:5      | Noticed a troll
  4238 | D:5      | Noticed a troll
  4277 | D:5      | Reached skill level 9 in Fighting
  4283 | D:5      | Found a portal to a secret trove of treasure.
  4330 | D:5      | Gained mutation: You are naturally skilled at Slings
                  | (Aptitude +3). [draconic bloodline]
  4330 | D:5      | Gained mutation: You are slightly more attuned to the
                  | shadows. [demonic ancestry]
  4330 | D:5      | Reached XP level 10. HP: 91/91 MP: 12/12
  4421 | D:5      | Noticed a two-headed ogre
  4435 | D:5      | Killed a two-headed ogre
  4435 | D:5      | Reached skill level 5 in Invocations
  4614 | D:5      | Reached skill level 1 in Shields
  4652 | D:5      | Reached ****** piety under Uskayaw
  4666 | D:5      | Found a shimmering blue altar of Sif Muna.
  4713 | D:5      | Found a staircase to the Lair.
  4755 | D:5      | Killed an unseen horror
  4755 | D:5      | Reached skill level 10 in Fighting
  4804 | D:5      | Found a radiant altar of Vehumet.
  4809 | D:5      | Found a shadowy altar of Dithmenos.
  4824 | D:5      | Found a bloodstained altar of Trog.
  4966 | D:5      | Found an ornate altar of Bahamut and Tiamat.
  4968 | D:5      | Noticed Erolcha
  4984 | D:5      | Killed Erolcha
  4984 | D:5      | Gained mutation: You have claws for hands. (+6 Unarmed)
                  | [demonic ancestry]
  4984 | D:5      | Reached XP level 11. HP: 92/100 MP: 16/16
  5157 | Lair:1   | Entered Level 1 of the Lair of Beasts
  5165 | Lair:1   | Noticed Urug
  5171 | Lair:1   | Noticed a five-headed hydra
  5185 | Lair:1   | HP: 1/101 [seven-headed hydra (15)]
  5523 | D:6      | Found a burning altar of Makhleb.
  5563 | D:6      | Noticed a two-headed ogre
  5570 | D:6      | Killed a two-headed ogre
  5620 | D:6      | Found a staircase to the Orcish Mines.
  5642 | Orc:1    | Entered Level 1 of the Orcish Mines
  5800 | Orc:1    | Identified the cursed ring of Gerphafe {Wiz Dex+2, (Curse:
                  | Fragile)}
  5837 | Orc:1    | Identified the cursed ring of Meraghoo {Ice Str+3 Dex-3
                  | +Vis, (Curse: *Tele Fragile)}
  5838 | Orc:1    | Noticed an orc warlord
  5872 | Orc:1    | Slain by an orc warrior

Levels and vault maps discovered:
D:1:      giann_wishing_wells, layout_basic, first_ration
D:2:      layout_sewer, minitemple
D:3:      ossuary_tomb_3, layout_cave_pools, okawaru_altar_gauntlet_db
D:4:      layout_rooms, minmay_temple_entry_large_hall, uniq_maggie
D:5:      layout_basic, lemuel_round_altar, grunt_temple_overflow_open,
          grunt_lair_entry_orc_guard_hut, enter_trove_1, basic_altar,
          uniq_erolcha
D:6:      layout_loops_corners, bloody_makhleb, hiddenorc1_lemuel,
          hangedman_pestilent_swarm, st_stairs_3
Temple:   dshaligram_water_room_temple
Lair:1:   layout_gridlike, gup_ossuary_entry_pyramid, beast_lair_carwin_2,
          grunt_megastairs_3, uniq_urug
Orc:1:    layout_caves

Skill      XL: |  1  2  3  4  5  6  7  8  9 10 11 |
---------------+----------------------------------+-----
Fighting       | 2 3 4 5 7 9 10 | 10.7
Long Blades    | 2 |  2.0
Dodging        | 3 4 5 6 7 8 |  8.0
Unarmed Combat | 1 2 4 5 6 7 8 |  8.0
Invocations    | 7 8 |  8.6
Shields        | 2 3 |  3.4
Stealth        | |  1.3
Spellcasting   | |  1.3
Fire Magic     | |  1.5

Action                   |  1- 3 |  4- 6 |  7- 9 | 10-12 || total
-------------------------+-------+-------+-------+-------++-------
Melee: Long sword        |    14 |       |       |       ||    14
       Unarmed           |    64 |   295 |   527 |   241 ||  1127
       Tailslap          |     6 |    15 |    42 |    44 ||   107
Invok: Line Pass         |       |       |       |     2 ||     2
 Abil: Breathe Fog       |       |       |     1 |       ||     1
  Use: Scroll            |       |       |     3 |     2 ||     5
       Potion            |       |       |     1 |     4 ||     5
 Stab: Sleeping          |       |     2 |     3 |     1 ||     6
       Paralysed         |       |       |    36 |    22 ||    58
       Distracted        |       |       |       |     3 ||     3
  Eat: Chunk             |       |     3 |    10 |     5 ||    18
Armor: Skin              |    11 |    37 |    57 |    57 ||   162
Dodge: Dodged            |    30 |   105 |   154 |   120 ||   409
       Deflected         |       |       |       |     3 ||     3
Block: Buckler           |       |       |       |     6 ||     6
       Rpst.: Long sword |     8 |       |       |       ||     8
